 Dungeon Crawl Stone Soup version 0.29-a0-284-gf9362112df (webtiles) character file.

Game seed: 14106043974475744228

13 Zonian the Chiller (level 2, 0/19 HPs)
             Began as a Demonspawn Ice Elementalist on Mar 30, 2022.
             Slain by a goblin
             ... wielding a +0 club
              (2 damage)
             ... on level 1 of the Dungeon.
             The game lasted 00:01:26 (1074 turns).

Zonian the Chiller (Demonspawn Ice Elementalist)    Turns: 1074, Time: 00:01:27

Health: 0/19       AC:  2    Str:  8    XL:     2   Next: 24%
Magic:  0/5        EV: 12    Int: 16    God:
Gold:   34         SH:  0    Dex: 13    Spells: 4/5 levels left

rFire   . . .      SeeInvis .   c - +0 falchion
rCold   . . .      Faith    .   (no shield)
rNeg    . . .      Spirit   .   a - +0 robe
rPois   .          Reflect  .   (no helmet)
rElec   .          Harm     .   (no cloak)
rCorr   .          Rampage  .   (no gloves)
Will    .....                   (no boots)
Stlth   ++........              (no amulet)
HPRegen 0.06/turn               (no ring)
MPRegen 0.09/turn               (no ring)

@: no status effects
A: powered by pain 1
a: no special abilities


You were on level 1 of the Dungeon.
You visited 1 branch of the dungeon, and saw 2 of its levels.

You collected 34 gold pieces.

Inventory:

Hand Weapons
 c - a +0 falchion (weapon)
Missiles
 j - 4 javelins
Armour
 a - a +0 robe (worn)
Jewellery
 d - an amulet of reflection
 g - a ring of flight
Scrolls
 e - a scroll of holy word {unknown}
 f - a scroll of identify {unknown}
Potions
 b - a potion of magic
 h - a potion of heal wounds {unknown}
 i - a potion of cancellation {unknown}


   Skills:
 + Level 2.0 Dodging
 + Level 2.1 Stealth
 + Level 2.2 Spellcasting
 + Level 3.7 Ice Magic


You had 4 spell levels left.
You knew the following spells:

 Your Spells              Type           Power      Damage    Failure   Level
a - Freeze                Ice            52%        1d7       4%          1

Your spell library contained the following spells:

 Spells                   Type           Power      Damage    Failure   Level
 Frozen Ramparts          Ice            26%        1d4       13%         3
 Ozocubu's Armour         Ice            13%        N/A       13%         3
 Hailstorm                Conj/Ice       7%         3d4       67%         4


Dungeon Overview and Level Annotations

Branches:
Dungeon (2/15)

Altars:


Innate Abilities, Weirdness & Mutations

You sometimes gain a little power by taking damage.


Message History

The goblin shouts!
The endoplasm freezes you.
You are frozen.
The rat bites you but does no damage.
Unknown command.
You freeze the endoplasm.
The endoplasm is almost dead.
The endoplasm misses you. The rat closely misses you.
Unknown command.
You freeze the endoplasm.
You kill the endoplasm!
The rat bites you.
Unknown command.
You hit the rat.
You kill the rat!
Unknown command.
The goblin closely misses you.
You freeze the quokka.
The quokka is lightly wounded.
The goblin hits you but does no damage. The quokka bites you.
* * * LOW HITPOINT WARNING * * *
Unknown command.
Casting: Freeze (safe; 4% risk of failure)
Confirm with . or Enter, or press ? or * to list all spells.
Aiming: Freeze (safe; 4% risk of failure)
Press: ? - help, Shift-Dir - straight line, f/p - quokka
Aim: a quokka (lightly wounded)
You freeze the quokka.
The quokka is almost dead.
The goblin hits you but does no damage. The quokka barely misses you.
Unknown command.
You barely miss the quokka.
The quokka is almost dead.
The goblin closely misses you. The quokka bites you.
* * * LOW HITPOINT WARNING * * *
The goblin barely misses you. The quokka misses you.
Unknown command.
You hit the quokka.
You kill the quokka!
The goblin hits you with a +0 club.
You die...

# .# ####.#
#....# #....#
####@...###
#>...g......
#............#
#.............
#.............
#.....###.##..
#.....# .# #
#.....+ .#
#.....#


You could see a goblin.

Vanquished Creatures
  A bat (D:1)
  3 endoplasms
  2 giant cockroaches
  A goblin (D:1)
  A hobgoblin (D:1)
  A quokka (D:1)
  A kobold (D:1)
  2 rats
12 creatures vanquished.

Notes
Turn   | Place    | Note
-------+----------+-------------------------------------------
     0 | D:1      | Zonian the Demonspawn Ice Elementalist began the quest for
                  | the Orb.
     0 | D:1      | Reached XP level 1. HP: 13/13 MP: 3/3
   661 | D:1      | You fall into a shaft and drop 1 floor!
   711 | D:2      | Gained mutation: You sometimes gain a little power by
                  | taking damage. [demonic ancestry]
   711 | D:2      | Reached XP level 2. HP: 19/19 MP: 3/5
  1074 | D:1      | Slain by a goblin

Illustrated notes

Levels and vault maps discovered:
D:1:      nagdon_arrival_zigzag_paths, layout_basic,
          ebering_ecumenical_altar_ruins
D:2:      layout_loops_cross, chequers_serial_rivers_micro_d, chequers_arboretum

Skill      XL: |  1 |
---------------+----+-----
Stealth        | 2 |  2.1
Dodging        | 2 |  2.0
Spellcasting   | |  2.2
Ice Magic      | |  3.7

Action                   || total
-------------------------++-------
Melee: Unarmed           ||    24
       Falchion          ||    13
 Cast: Freeze            ||    16
 Stab: Sleeping          ||     1
Armor: Robe              ||    12
Dodge: Dodged            ||    38

Table legend: (Time is in decaauts)
 A = Elapsed time spent in this place.
 B = Non-inter-level travel time spent in this place.
 C = Inter-level travel time spent in this place.
 D = Time resting spent in this place.
 E = Time spent auto-exploring this place.
 F = Levels seen in this place.
 G = Mean time per level.
                   A        B        C        D        E       F      G
               +--------+--------+--------+--------+--------+-----+--------+
         Total |   1077 |   1052 |     25 |    455 |    413 |   2 |  538.5 |
       Dungeon |   1077 |   1052 |     25 |    455 |    413 |   2 |  538.5 |
               +--------+--------+--------+--------+--------+-----+--------+

Top non-repeatable levels by time:
     D:1: 675 daAuts
     D:2: 402 daAuts
